 Dungeon Crawl Stone Soup version 0.31-a0-875-g02e7d12df6 (webtiles) character file.

Game seed: 5562476485171595843

49 Azuregosa the Covert (level 3, -5/26 HPs)
             Began as an Octopode Delver on Oct 12, 2023.
             Slain by an orc
             ... wielding a +0 trident
              (9 damage)
             ... on level 2 of the Dungeon.
             The game lasted 00:05:30 (1550 turns).

Azuregosa the Covert (Octopode Delver)              Turns: 1550, Time: 00:05:30

Health: -5/26      AC:  1    Str: 11    XL:     3   Next: 77%
Magic:  3/3        EV: 13    Int: 14    God:
Gold:   225        SH:  0    Dex: 13    Spells: 2/2 levels left

rFire   . . .        g - +0 hand axe
rCold   . . .        (no shield)
rNeg    . . .        (helmet restricted)
rPois   .            f - amulet of regeneration
rElec   .            h - ring of resist corrosion
rCorr   +            (no ring)
SInv    .            (no ring)
Will    .....        (no ring)
Stlth   +++++        (no ring)
HPRegen 1.04/turn    (no ring)
MPRegen 0.08/turn    (no ring)
                     (no ring)

%: no passive effects
@: no status effects
A: almost no armour, amphibious, 8 rings, camouflage 1, gelatinous body 1,
(nimble swimmer 1), tentacles
a: no special abilities


You were on level 2 of the Dungeon.
You visited 1 branch of the dungeon, and saw 5 of its levels.

You collected 225 gold pieces.

Inventory:

Hand Weapons
 g - a +0 hand axe (weapon)
Missiles
 p - 9 poisoned darts
 r - 8 stones
 y - 6 curare-tipped darts
Jewellery
 f - an amulet of regeneration (around mantle)
 h - a ring of resist corrosion (left tentacle)
Talismans
 t - a flux talisman
Wands
 e - a wand of digging (3)
 i - a wand of charming (8)
Scrolls
 a - a scroll of fog
 b - a scroll of revelation
 c - a scroll of fear
 j - 2 scrolls of enchant weapon {unknown}
 k - 2 scrolls of teleportation {unknown}
 s - 4 scrolls of identify {unknown}
 v - a scroll of immolation {unknown}
 w - a scroll of butterflies {unknown}
 x - a scroll of noise {unknown}
 A - 3 scrolls of poison {unknown}
Potions
 d - a potion of haste
 l - 2 potions of might {unknown}
 m - a potion of heal wounds {unknown}
 n - 2 potions of enlightenment {unknown}
 o - a potion of degeneration {unknown}
 q - a potion of lignification {unknown}
 u - a potion of mutation {unknown}
 z - a potion of invisibility {unknown}


   Skills:
 - Level 3.0 Fighting
 - Level 2.0 Dodging
 + Level 8.3 Stealth
 - Level 2.0 Unarmed Combat


You had 2 spell levels left.
You didn't know any spells.
Your spell library contained the following spells:

 Spells                   Type           Power      Damage    Failure   Level
 Gell's Gravitas          Tloc           0%         N/A       65%         3
 Teleport Other           Tloc           0%         N/A       65%         3
 Dispersal                Tloc           0%         N/A       100%        6


Dungeon Overview and Level Annotations

Branches:
Dungeon (5/15)
 Temple: D:4-7

Altars:

Shops:
D:3 [


Innate Abilities, Weirdness & Mutations

You cannot wear most types of armour.
You are amphibious.
You can wear up to eight rings at the same time.
Your skin changes colour to match your surroundings (Stealth+).
Your rubbery body absorbs attacks. (AC +1, EV +1)
((You are camouflaged when in or above water. (Stealth+)))
You have tentacles for arms and can constrict up to eight enemies at once.


Message History

A - 3 scrolls labelled IJIT NOEZAUZU
Found a stone staircase leading down.
k - 2 scrolls labelled FODOBB TOCRIUR (gained 1)
You now have 212 gold pieces (gained 11).
You now have 225 gold pieces (gained 13).
Found a short sword.
You see here a +0 short sword.
An orc comes into view.
It is wielding a +0 short sword. 2 orcs come into view.
The orc misses you.
You barely miss the orc. Your grab misses the orc. You squeeze the orc.
The orc is almost dead.
The orc shouts!
The orc hits you but does no damage.
You hit the orc.
You kill the orc!
You see here a +0 short sword.
The orc hits you with a +0 hand axe.
The orc hits you from afar with a +0 trident.
You hit the orc. You grab the orc.
The orc is moderately wounded.
You constrict the orc. The orc hits you with a +0 hand axe.
The orc barely misses you. The orc closely misses you.
The orc hits you from afar with a +0 trident.
You hit the orc but do no damage.
The orc is heavily wounded.
You constrict the orc. The orc hits you with a +0 hand axe.
The orc completely misses you.
You hit the orc.
You kill the orc!
The orc hits you from afar with a +0 trident.
* * * LOW HITPOINT WARNING * * *
Found a robe.
The orc misses you.
Things that are here:
a +0 hand axe; an orc corpse You closely miss the orc.
You grab the orc. You constrict the orc. The orc hits you with a +0 trident.
* * * LOW HITPOINT WARNING * * *
The orc hits you with a +0 trident!
You die...

#.# #.. #.##.###.#
#.#### ###
###.##.##.....# #....#
#.. ........#.....#
#####.# #.#
#........##### ..)...#
#.# #.###..###
#####.### ##.## .# #..#
........###...# [# #.##
#####.........###.# #.#
# #........)..@o# #.# #
#...########### #.# #
#...# #.# # #..>#
########.# #
##...######........#
####...........######.#
......#.######## #.#
.###.#..# #.# .#
#.#..######## #.#


You could see an orc.

Vanquished Creatures
  A worm (D:2)
  A dart slug (D:1)
  2 orcs (D:2)
  3 ball pythons
  5 endoplasms
  3 giant cockroaches
  8 goblins
  5 hobgoblins
  2 jackals (D:1)
  A kobold (D:1)
  4 bats (D:1)
  A rat (D:1)
36 creatures vanquished.

Notes
Turn   | Place    | Note
-------+----------+-------------------------------------------
     0 | D:5      | Azuregosa the Octopode Delver began the quest for the Orb.
     0 | D:5      | Reached XP level 1. HP: 16/16 MP: 1/1
    15 | D:5      | Noticed a jelly
   313 | D:3      | Found Pastipt's Armour Shoppe.
   375 | D:1      | Found a faded altar of an unknown god.
   383 | D:1      | Reached skill level 7 in Stealth
   390 | D:1      | Reached XP level 2. HP: 21/21 MP: 2/2
   808 | D:1      | Reached XP level 3. HP: 22/26 MP: 3/3
  1087 | D:2      | Reached skill level 8 in Stealth
  1343 | D:2      | Identified the +1 chain mail of Usobroej {rC+++ Will- Dex-2
                  | Stlth+}
  1550 | D:2      | Slain by an orc

Illustrated notes

Levels and vault maps discovered:
D:1:      saegor_arrival_simple_c, layout_basic,
          ebering_ecumenical_altar_sacrificial
D:2:      layout_loops_ring, minmay_pentomino_t2
D:3:      layout_loops_ring, chequers_temple_overflow_statue_of_worship,
          serial_shops, nicolae_shop_tiny_statue_garden, nicolae_shop_tiny_glass
D:4:      minmay_chambers_of_threes, layout_loops_ring,
          cheibrodos_sewer_entry_sluice
D:5:      layout_gridville, minmay_temple_entry_junction

Skill      XL: |  1  2  3 |
---------------+----------+-----
Stealth        | 7 8 |  8.3
Fighting       | |  3.0
Dodging        | |  2.0
Unarmed Combat | |  2.0

Action                     || total
---------------------------++-------
  Melee: Hand axe          ||    73
         Constrict         ||    18
         Tentacles         ||    13
         Punch             ||     1
   Stab: Sleeping          ||    15
 Armour: Skin              ||    35
  Dodge: Dodged            ||    36

Table legend: (Time is in decaauts)
 A = Elapsed time spent in this place.
 B = Non-inter-level travel time spent in this place.
 C = Inter-level travel time spent in this place.
 D = Time resting spent in this place.
 E = Time spent auto-exploring this place.
 F = Levels seen in this place.
 G = Mean time per level.
                   A        B        C        D        E       F      G
               +--------+--------+--------+--------+--------+-----+--------+
         Total |   1569 |   1569 |      0 |      0 |    793 |   5 |  313.8 |
       Dungeon |   1569 |   1569 |      0 |      0 |    793 |   5 |  313.8 |
               +--------+--------+--------+--------+--------+-----+--------+

Top non-repeatable levels by time:
     D:1: 721 daAuts
     D:2: 499 daAuts
     D:5: 244 daAuts
     D:4: 67 daAuts
     D:3: 36 daAuts
